 Dungeon Crawl Stone Soup version 0.30.1-3-gfc49f6343a (webtiles) character file.

Game seed: 5548256593187500459

787 Mune the Trooper (level 7, -4/87 HPs)
             Began as a Demonspawn Berserker on Aug 9, 2023.
             Was a Priest of Trog.
             Slain by a water moccasin (7 damage)
             ... on level 5 of the Dungeon.
             The game lasted 00:07:10 (3709 turns).

Mune the Trooper (Demonspawn Berserker)             Turns: 3709, Time: 00:07:10

Health: -4/87      AC:  9    Str: 20    XL:     7   Next: 56%
Magic:  7/7        EV: 11    Int:  8    God:    Trog [***...]
Gold:   177        SH:  0    Dex: 12    Spells: 6/6 levels left

rFire   . . .        y - +0 battleaxe
rCold   . . .        (shield currently unavailable)
rNeg    . . .        i - +0 ring mail
rPois   .            (helmet restricted)
rElec   .            h - +0 cloak
rCorr   .            l - +1 pair of gloves
SInv    .            (no boots)
Will    ++...        g - amulet of faith Stlth
                     (no ring)
HPRegen 1.34/turn    (no ring)
MPRegen 0.20/turn

%: faith
@: berserking (expiring), lethally poisoned (-4 -> -4), strong-willed
(expiring), regenerating (expiring), very quick
A: horns 1, magic regeneration, demonic magic 1, demonic touch 1
a: Renounce Religion, Berserk, Trog's Hand


You were on level 5 of the Dungeon.
You worshipped Trog.
Trog was most pleased with you.
You visited 1 branch of the dungeon, and saw 5 of its levels.

You collected 177 gold pieces.

Inventory:

Hand Weapons
 y - a +0 battleaxe (weapon)
Armour
 h - a +0 cloak (worn)
 i - a +0 ring mail (worn)
 l - a +1 pair of gloves (worn)
Jewellery
 g - an amulet of faith (around neck)
 j - a ring of fire
 v - an amulet of magic regeneration
Wands
 x - a wand of polymorph (8)
 z - a wand of digging (4)
Scrolls
 c - a scroll of identify {unknown}
 e - 4 scrolls of teleportation {unknown}
 f - a scroll of magic mapping {unknown}
 o - a scroll of fear {unknown}
 r - a scroll of acquirement {unknown}
 t - a scroll of blinking {unknown}
 u - a scroll of noise {unknown}
Potions
 a - a potion of magic {unknown}
 b - 4 potions of lignification {unknown}
 d - a potion of cancellation {unknown}
 k - 3 potions of haste {unknown}
 m - 3 potions of might {unknown}
 n - a potion of curing {unknown}
 p - a potion of resistance {unknown}
 q - a potion of invisibility {unknown}
 s - a potion of attraction {unknown}
 w - a potion of flight {unknown}
 A - a potion of heal wounds


   Skills:
 * Level 6.1 Fighting
 * Level 5.5 Axes
 + Level 3.8 Armour
 - Level 1.7 Dodging


You had 6 spell levels left.
You didn't know any spells.
Your spell library was empty.

Dungeon Overview and Level Annotations

Branches:
Dungeon (5/15)
 Temple: D:4-7

Altars:
Cheibriados
Kikubaaqudgha
Vehumet

Shops:
D:2 [

Annotations:
D:5 exclusion: statue


Innate Abilities, Weirdness & Mutations

You have a pair of small horns on your head.
You regenerate magic rapidly.
Spells you cast may paralyse adjacent enemies.
Your touch may inflict minor irresistible damage on your foes.


Message History

The water moccasin bites you.
* * * LOW HITPOINT WARNING * * *
The water moccasin misses you.
You miss the water moccasin.
You feel very sick.
The water moccasin completely misses you.
You slash the water moccasin!
Your headbutt misses the water moccasin.
The water moccasin is moderately wounded.
You feel the effects of Trog's Hand fading.
You feel very sick. The water moccasin bites you.
* * * LOW HITPOINT WARNING * * *
You closely miss the water moccasin.
The water moccasin is moderately wounded.
* * * LOW HITPOINT WARNING * * *
You feel very sick.
The water moccasin bites you but does no damage.
The water moccasin misses you.
You hit the water moccasin.
The water moccasin is heavily wounded.
You feel sick. The water moccasin closely misses you.
You closely miss the water moccasin.
The water moccasin is heavily wounded.
* * * LOW HITPOINT WARNING * * *
You feel very sick.
The water moccasin bites you but does no damage.
You miss the water moccasin.
Your headbutt misses the water moccasin.
The water moccasin is heavily wounded.
You feel sick.
The water moccasin completely misses you.
The water moccasin barely misses you.
You closely miss the water moccasin.
The water moccasin is heavily wounded.
You feel sick. The water moccasin closely misses you.
You closely miss the water moccasin.
The water moccasin is heavily wounded.
You feel sick. The water moccasin bites you!
You die...

###########
......S@..# ####
......###.### ##...
....# #.....# ##....
... #.....# #..... .
###.....#### #.....
............####.....
#....................
......._......###.....
.#...........## #.....


You could see a water moccasin.

Vanquished Creatures
  Grinder (D:4)
  Edmund (D:4)
  An ogre (D:4)
  2 orc priests (D:4)
  Crazy Yiuf (D:2)
  A hound (D:4)
  A sleepcap (D:4)
  3 iguanas
  An orc wizard (D:5)
  A mummy (D:5)
  Robin (D:2)
  5 adders
  A white imp (D:5)
  An ufetubus (D:5)
  3 dart slugs
  4 orcs
  6 endoplasms
  2 giant cockroaches
  13 goblins
  10 hobgoblins
  2 quokkas
  6 ball pythons
  4 bats
  A frilled lizard (D:1)
  5 kobolds
  2 rats (D:2)
79 creatures vanquished.

Vanquished Creatures (others)
  2 quokkas (D:4)
2 creatures vanquished.

Grand Total: 81 creatures vanquished

Notes
Turn   | Place    | Note
-------+----------+-------------------------------------------
     0 | D:1      | Mune the Demonspawn Berserker began the quest for the Orb.
     0 | D:1      | Reached XP level 1. HP: 18/18 MP: 1/1
   759 | D:2      | Gained mutation: Spells you cast may paralyse adjacent
                  | enemies. [demonic ancestry]
   759 | D:2      | Reached XP level 2. HP: 18/24 MP: 2/2
   991 | D:2      | Discovered your monstrous ancestry.
   991 | D:2      | Gained mutation: You have a pair of small horns on your
                  | head. [demonic ancestry]
   991 | D:2      | Reached XP level 3. HP: 29/29 MP: 3/3
  1011 | D:2      | Noticed Robin
  1017 | D:2      | Killed Robin
  1032 | D:2      | Reached XP level 4. HP: 25/37 MP: 4/4
  1295 | D:2      | Found Sesynim's Armour Shop.
  1381 | D:2      | Found a runed translucent door.
  1382 | D:2      | Noticed Crazy Yiuf
  1451 | D:2      | Killed Crazy Yiuf
  1452 | D:2      | Reached skill level 4 in Fighting
  1873 | D:2      | Reached ** piety under Trog
  1980 | D:3      | Found an ancient bone altar of Kikubaaqudgha.
  2268 | D:3      | Found a faded altar of an unknown god.
  2659 | D:4      | Reached XP level 5. HP: 29/43 MP: 5/5
  2865 | D:4      | Noticed Edmund
  2866 | D:4      | Noticed an ogre
  2874 | D:4      | Killed an ogre
  2875 | D:4      | Gained mutation: You regenerate magic rapidly. [demonic
                  | ancestry]
  2875 | D:4      | Reached XP level 6. HP: 43/50 MP: 6/6
  2876 | D:4      | Killed Edmund
  2877 | D:4      | Reached skill level 5 in Fighting
  3064 | D:4      | Reached skill level 5 in Axes
  3242 | D:4      | Noticed Grinder
  3243 | D:4      | Paralysed by Grinder for 5 turns
  3258 | D:4      | Killed Grinder
  3259 | D:4      | Gained mutation: Your touch may inflict minor irresistible
                  | damage on your foes. [demonic ancestry]
  3259 | D:4      | Reached XP level 7. HP: 50/57 MP: 7/7
  3406 | D:5      | Entered Level 5 of the Dungeon
  3478 | D:5      | Found a radiant altar of Vehumet.
  3541 | D:5      | Reached skill level 6 in Fighting
  3548 | D:5      | Reached *** piety under Trog
  3664 | D:5      | Found a snail-covered altar of Cheibriados.
  3705 | D:5      | HP: 4/87 [poisoned by a water moccasin]
  3709 | D:5      | Slain by a water moccasin

Illustrated notes

Levels and vault maps discovered:
D:1:      scummos_arrival_star, layout_loops_corners
D:2:      layout_loops_corners, serial_shops,
          nicolae_shop_pleasant_corner_grove, uniq_robin,
          uniq_crazy_yiuf_cottage
D:3:      layout_rooms, mainiacjoe_overflow_boulevard,
          shapermc_ecumenical_altar_gd
D:4:      layout_basic, elyvilon_altar_4, serial_glass, glass_columns_a,
          glass_columns_a, item_on_display_a, hangedman_decor_diamond_cutter,
          uniq_grinder, uniq_edmund
D:5:      minmay_recursive_quarters, layout_rooms, vehumet_statue, slow_altar_1,
          grunt_decor_one_mirror

Skill      XL: |  1  2  3  4  5  6  7 |
---------------+----------------------+-----
Axes           | 3 4 5 |  5.5
Armour         | 2 3 |  3.8
Fighting       | 4 5 6 |  6.1
Dodging        | |  1.7

Action                     |  1- 3 |  4- 6 |  7- 9 || total
---------------------------+-------+-------+-------++-------
  Melee: Hand axe          |    72 |   137 |     5 ||   214
         Headbutt          |     1 |    25 |     4 ||    30
         Punch             |       |     3 |       ||     3
         Unarmed           |       |     2 |       ||     2
         Battleaxe         |       |       |    44 ||    44
         Touch             |       |       |     2 ||     2
 Invoke: Berserk           |     1 |     3 |     1 ||     5
         Trog's Hand       |       |     1 |     1 ||     2
   Stab: Sleeping          |     1 |       |       ||     1
 Armour: Animal skin       |    20 |       |       ||    20
         Ring mail         |       |    55 |    44 ||    99
  Dodge: Dodged            |    50 |    78 |    41 ||   169
